AoeStats
← Baladin

Lombardia

509618578Analyzed
4v4 RM · 5d ago on Sep 27, 2026· 40m 37s· 8 players
Game mode
Random Map
Map size
Large (8 player)
Population
200
Speed
Normal
Resources
Standard
Victory
Conquest
Starting age
Dark Age
Ending age
Imperial Age
RankedLock teamsTeams togetherTeam positionsShared explorationLock speedFull tech treeHidden civsTurbo modeCheats
Victory
Defeat
🇨🇳 Mongols · China
1327
+14
🇭🇰 Saxons · Hong Kong SAR China
1299
+16
🇯🇵 Gurjaras · Japan
1291
+16
🇦🇷 Georgians · Argentina
1268
+17
🇫🇷 Malay · France
1334
-17
🇦🇷 Spanish · Argentina
1320
-17
🇬🇧 Ethiopians · United Kingdom
1289
-16
🇷🇺 Slavs · Russia
1214
-13
jaishanzaman
11:33 Feudal Age
13:58 Loom
16:17 Castle Age
14:12 Double-Bit Axe
14:08 Horse Collar
18:26 Bow Saw
19:08 Wheelbarrow
23:31 Gold Mining
28:07 Imperial Age
25:23 Loom
25:53 Hand Cart
25:24 Town Watch
26:50 Fletching
27:00 Padded Archer Armor
28:07 Ballistics
27:36 Crossbowman
28:13 Bodkin Arrow
28:34 Leather Archer Armor
29:14 Bracer
28:52 Arbalester
32:09 Capped Ram
34:30 Ring Archer Armor
35:03 Chemistry
34:11 Siege Engineers
35:19 Siege Ram
36:44 Masonry
Cabelord
7:55 Loom
9:40 Feudal Age
14:11 Scale Barding Armor
20:05 Castle Age
18:44 Double-Bit Axe
18:40 Horse Collar
20:12 Bloodlines
20:15 Forging
22:06 Wheelbarrow
22:06 Chain Barding Armor
30:42 Husbandry
32:59 Fletching
38:03 Imperial Age
38:09 Imperial Age
36:07 Caravan
39:32 Pikeman
40:13 Squires
Baladin
4:00 Loom
12:13 Feudal Age
16:56 Castle Age
15:46 Double-Bit Axe
15:42 Horse Collar
23:55 Wheelbarrow
29:29 Imperial Age
27:20 Hand Cart
27:48 Heavy Plow
27:59 Bow Saw
28:36 Husbandry
28:54 Scale Barding Armor
29:57 Forging
30:00 Elite Battle Elephant
32:32 Caravan
33:16 Arson
35:24 Crop Rotation
40:15 Elite Karambit Warrior
Sega Mega Drive
1:32 Loom
12:30 Feudal Age
13:43 Double-Bit Axe
13:41 Horse Collar
16:55 Castle Age
18:26 Bow Saw
23:18 Wheelbarrow
23:31 Heavy Plow
25:38 Stone Mining
25:39 Gold Mining
27:22 Hand Cart
29:23 Town Watch
29:50 Forging
29:46 Scale Barding Armor
29:41 Scale Mail Armor
32:39 Imperial Age
31:05 Gold Shaft Mining
32:50 Bloodlines
32:40 Husbandry
32:44 Detinets
32:46 Elite Boyar
33:49 Conscription
32:53 Light Cavalry
34:37 Fletching
35:23 Iron Casting
35:08 Chain Barding Armor
35:35 Heavy Scorpion
cls
3:25 Loom
10:48 Feudal Age
11:18 Double-Bit Axe
12:20 Gold Mining
13:59 Horse Collar
17:34 Castle Age
16:38 Stone Mining
18:25 Bow Saw
19:03 Heavy Plow
24:00 Wheelbarrow
25:24 Gold Shaft Mining
24:37 Town Watch
25:11 Forging
25:01 Scale Mail Armor
29:01 Imperial Age
29:09 Imperial Age
27:41 Hand Cart
29:09 Pikeman
29:49 Squires
29:35 Arson
30:23 Conscription
30:52 Iron Casting
30:33 Chain Mail Armor
31:58 Two-Man Saw
31:07 Halberdier
34:09 Ballistics
34:50 Chemistry
33:33 Treadmill Crane
34:28 Plate Mail Armor
33:48 Fletching
34:31 Gambesons
34:58 Shield Wall
36:14 Hoardings
35:52 Elite Varangian Guard
37:58 Elite Hearth Troop
38:10 Sappers
39:04 Ballistics
39:45 Chemistry
kokowatousaneize
10:10 Feudal Age
14:30 Castle Age
12:38 Double-Bit Axe
12:58 Horse Collar
13:27 Gold Mining
16:02 Bow Saw
19:18 Town Watch
20:12 Wheelbarrow
20:35 Stone Mining
24:19 Hand Cart
23:51 Town Watch
23:51 Loom
29:30 Imperial Age
27:27 Scale Barding Armor
27:33 Forging
28:24 Kshatriyas
28:15 Gold Mining
28:47 Bloodlines
28:37 Husbandry
28:59 Chain Barding Armor
29:41 Caravan
30:19 Iron Casting
30:09 Heavy Camel Rider
31:43 Conscription
31:48 Elite Shrivamsha Rider
36:13 Plate Barding Armor
35:29 Fletching
35:40 Padded Archer Armor
41:05 Coinage
西湖天地
11:04 Feudal Age
15:03 Castle Age
13:02 Double-Bit Axe
13:55 Horse Collar
16:55 Heavy Plow
22:19 Stone Mining
23:40 Stone Shaft Mining
25:29 Bow Saw
25:39 Gold Mining
28:08 Gold Shaft Mining
28:31 Wheelbarrow
32:13 Imperial Age
30:59 Padded Archer Armor
30:49 Fletching
31:41 Ballistics
31:25 Husbandry
31:36 Bloodlines
31:59 Leather Archer Armor
31:51 Thumb Ring
31:13 Light Cavalry
32:00 Scale Barding Armor
32:27 Bodkin Arrow
32:54 Scale Barding Armor
33:57 Chemistry
33:26 Parthian Tactics
33:53 Hand Cart
33:00 Elite Mangudai
34:28 Conscription
34:11 Bracer
36:11 Hussar
39:09 Chain Barding Armor
lobo
11:38 Feudal Age
10:11 Loom
12:06 Feudal Age
16:21 Castle Age
14:19 Double-Bit Axe
16:18 Horse Collar
18:23 Wheelbarrow
22:25 Bow Saw
23:35 Forging
23:42 Hand Cart
24:00 Scale Barding Armor
28:39 Town Watch
29:18 Fletching
29:40 Bloodlines
29:31 Husbandry
32:12 Imperial Age
30:07 Fortified Wall
30:53 Stone Mining
31:22 Bodkin Arrow
32:01 Ballistics
32:54 Bracer
35:41 Chemistry
34:57 Svan Towers
35:14 Conscription
35:00 Aznauri Cavalry
34:50 Heavy Cavalry Archer
36:03 Murder Holes
Connection lost

Rejoining the realm…

Still unreachable

The connection could not be restored.

Session expired

The server has moved on; the page needs a fresh start.